 Dungeon Crawl Stone Soup version 0.31-a0-1540-g5a0b83f448 (webtiles) character file.

Game seed: 6647471555505115280

63 voltaire321 the Apothecary (level 3, -1/26 HPs)
             Began as a Demonspawn Alchemist on Jan 1, 2024.
             Succumbed to a gnoll's poison
             ... on level 2 of the Dungeon.
             The game lasted 00:03:11 (1454 turns).

voltaire321 the Apothecary (Demonspawn Alchemist)   Turns: 1454, Time: 00:03:12

Health: -1/26      AC: 12    Str: 10    XL:     3   Next: 87%
Magic:  5/6        EV: 12    Int: 15    God:
Gold:   59         SH:  0    Dex: 13    Spells: 3/6 levels left

rFire   . . .        e - +0 hand axe
rCold   . . .        (no shield)
rNeg    . . .        a - +0 robe
rPois   .            (no helmet)
rElec   .            (no cloak)
rCorr   .            f - +0 pair of gloves
SInv    .            (no boots)
Will    .....        (no amulet)
Stlth   ++           (no ring)
HPRegen 0.24/turn    (no ring)
MPRegen 0.10/turn

%: no passive effects
@: lethally poisoned (-1 -> -20), sanguine armoured, very slightly contaminated
A: sanguine armour 2
a: no special abilities


You were on level 2 of the Dungeon.
You visited 1 branch of the dungeon, and saw 2 of its levels.

You collected 59 gold pieces.

Inventory:

Hand Weapons
 e - a +0 hand axe (weapon)
Armour
 a - a +0 robe (worn)
 f - a +0 pair of gloves (worn)
Jewellery
 g - a ring of flight
Scrolls
 c - 3 scrolls of identify {unknown}
 i - 2 scrolls of teleportation {unknown}
 k - a scroll of fog {unknown}
Potions
 b - a potion of magic
 d - a potion of lignification {unknown}
 h - a potion of curing {unknown}
 j - a potion of mutation {unknown}


   Skills:
 + Level 1.1 Fighting
 + Level 1.0 Armour
 + Level 2.2 Dodging
 - Level 1.7 Stealth
 + Level 2.4 Spellcasting
 + Level 1.7 Conjurations
 + Level 3.3 Alchemy


You had 3 spell levels left.
You knew the following spells:

 Your Spells              Type           Power      Damage    Failure   Level
a - Sting                 Conj/Alch      36%        1d5       8%          1
b - Mercury Vapours       Alch/Air       12%        N/A       16%         2

Your spell library contained the following spells:

 Spells                   Type           Power      Damage    Failure   Level
 Mephitic Cloud           Conj/Alch/Air  6%         N/A       32%         3
 Olgreb's Toxic Radiance  Alch           11%        N/A       47%         4
 Sticky Flame             Fire/Alch      6%         2d4       71%         4


Dungeon Overview and Level Annotations

Branches:
Dungeon (2/15)

Altars:


Innate Abilities, Weirdness & Mutations

When seriously injured, your blood forms thick armour. (AC +9)


Message History

The gnoll is heavily wounded.
A ball python comes into view.
You kill the gnoll!
You start resting.
Magic restored.
A gnoll comes into view. It is wielding a +0 halberd.
Aiming: Sting (safe; 8% risk of failure)
Press: ? - help, Q - select action, (/) - cycle Shift-Dir - straight line, f - you
Okay, then.
Aiming: Sting (safe; 8% risk of failure)
Press: ? - help, Q - select action, (/) - cycle Shift-Dir - straight line, f - gnoll
Aim: a gnoll, wielding a +0 halberd (72% to hit)
The sting hits the gnoll but does no damage.
The gnoll is poisoned.
Aiming: Sting (safe; 8% risk of failure)
Press: ? - help, Q - select action, (/) - cycle Shift-Dir - straight line, f/p - gnoll
Aim: a gnoll, wielding a +0 halberd (poisoned, 72% to hit)
The sting misses the gnoll.
The gnoll hits you from afar with a +0 halberd.
The gnoll shouts!
The gnoll looks more healthy.
The gnoll attacks as it pursues you! The gnoll misses you.
A gnoll comes into view. It is wielding a +1 flail of venom.
The gnoll attacks as it pursues you! The gnoll barely misses you.
The gnoll attacks as it pursues you!
The gnoll hits you with a +1 flail of venom.
You are poisoned.
Aiming: Sting (safe; 8% risk of failure)
Press: ? - help, Q - select action, (/) - cycle Shift-Dir - straight line, f - gnoll, p - gnoll
Aim: a gnoll, wielding a +1 flail of venom (72% to hit)
You miscast Sting.
You are very lightly contaminated with residual magic.
Nothing appears to happen.
You feel very sick.
The gnoll hits you with a +1 flail of venom!
Your blood congeals into armour.
You are lethally poisoned!
* * * LOW HITPOINT WARNING * * *
You feel very sick.
You die...

### ###
########.############.#
.......)........@.g.g.#
########..###########.#
########..#.....g...#.####.#.#
..........#.#........g........
#######...#.#.#####.#.##.....#
.. #...#.#.#...#.#.##.#.###
###. #...#)#g#.#.#.#.#....#
.....#...#.#.#.....#.#....##
..#..#...#.#.#.....#.#.....


You could see 2 gnolls.

Vanquished Creatures
  A gnoll (D:2)
  3 adders (D:2)
  2 dart slugs (D:1)
  A ball python (D:1)
  2 endoplasms
  2 giant cockroaches
  A hobgoblin (D:1)
  3 quokkas (D:1)
  3 bats (D:1)
  A frilled lizard (D:2)
  4 kobolds
  2 rats (D:1)
25 creatures vanquished.

Notes
Turn   | Place    | Note
-------+----------+-------------------------------------------
     0 | D:1      | voltaire321 the Demonspawn Alchemist began the quest for
                  | the Orb.
     0 | D:1      | Reached XP level 1. HP: 13/13 MP: 3/3
   387 | D:1      | Gained mutation: When seriously injured, your blood forms
                  | armour. (AC +9) [demonic ancestry]
   387 | D:1      | Reached XP level 2. HP: 20/20 MP: 0/5
  1169 | D:2      | Gained mutation: When seriously injured, your blood forms
                  | thick armour. (AC +9) [demonic ancestry]
  1169 | D:2      | Reached XP level 3. HP: 9/25 MP: 0/6
  1307 | D:2      | Learned a level 2 spell: Mercury Vapours
  1360 | D:2      | Reached skill level 1 in Fighting
  1362 | D:2      | Reached skill level 1 in Armour
  1454 | D:2      | Succumbed to a gnoll's poison

Illustrated notes

Levels and vault maps discovered:
D:1:      tarquinn_simple_flora_water_d, layout_basic
D:2:      layout_basic, dreamdust_ecumenical_altar_grove

Skill      XL: |  1  2  3 |
---------------+----------+-----
Dodging        | 2 |  2.2
Fighting       | 1 |  1.1
Armour         | 1 |  1.0
Stealth        | |  1.7
Spellcasting   | |  2.4
Conjurations   | |  1.7
Alchemy        | |  3.3

Action                     || total
---------------------------++-------
  Melee: Unarmed           ||     2
         Hand axe          ||    16
   Cast: Sting             ||    40
 Armour: Robe              ||    27
  Dodge: Dodged            ||    23

Table legend: (Time is in decaauts)
 A = Elapsed time spent in this place.
 B = Non-inter-level travel time spent in this place.
 C = Inter-level travel time spent in this place.
 D = Time resting spent in this place.
 E = Time spent auto-exploring this place.
 F = Levels seen in this place.
 G = Mean time per level.
                   A        B        C        D        E       F      G
               +--------+--------+--------+--------+--------+-----+--------+
         Total |   1459 |   1437 |     22 |    323 |    848 |   2 |  729.5 |
       Dungeon |   1459 |   1437 |     22 |    323 |    848 |   2 |  729.5 |
               +--------+--------+--------+--------+--------+-----+--------+

Top non-repeatable levels by time:
     D:1: 1154 daAuts
     D:2: 304 daAuts
